 Dungeon Crawl Stone Soup version 0.17-a0-1450-g7e755d1 (webtiles) character file.

64 Fizybubbleh the Conjurer (level 3, -2/26 HPs)
             Began as a Draconian Conjurer on June 30, 2015.
             Slain by a worm (12 damage)
             ... on level 2 of the Dungeon.
             The game lasted 00:08:22 (2431 turns).

Fizybubbleh the Conjurer (Draconian Conjurer)       Turns: 2431, Time: 00:08:22

Health: -2/26      AC:  5    Str: 10    XL:     3   Next: 91%
Magic:  0/6        EV: 12    Int: 16    God:
Gold:   135        SH:  0    Dex: 11    Spells: 2 memorised, 3 levels left

rFire  . . .     SeeInvis .     e - +0 dagger
rCold  . . .     Clarity  .     (armour unavailable)
rNeg   . . .     SustAt   .     (no shield)
rPois  .         Gourm    .     (helmet restricted)
rElec  .         Spirit   .     (no cloak)
rCorr  .         Warding  .     (no gloves)
rMut   .         Stasis   .     (no boots)
MR     .....                    (no amulet)
Stlth  ++........               (no ring)
                                (no ring)

@: not resistant to hostile enchantments, unstealthy
A: unfitting armour, cold-blooded, AC +5
a: no special abilities


You were on level 2 of the Dungeon.
You were not hungry.

You visited 1 branch of the dungeon, and saw 2 of its levels.

You collected 135 gold pieces.

Inventory:

Hand weapons
 c - a +0 club
 e - a +0 dagger (weapon)
 i - a +0 club
Jewellery
 f - an uncursed ring of fire {unknown}
Magical devices
 n - a wand of random effects (22)
Scrolls
 g - a scroll of noise {unknown}
 h - 3 scrolls of identify {unknown}
 j - a scroll of remove curse {unknown}
 k - a scroll of enchant weapon {unknown}
 m - a scroll of teleportation {unknown}
Potions
 d - a potion of haste {unknown}
 q - a potion of brilliance {unknown}
Books
 a - a book of Conjurations

   Spells                             Type                      Level
   a - Magic Dart                     Conjuration                  1
   b - Searing Ray                    Conjuration                  2
   c - Dazzling Spray                 Conjuration/Hexes            3
   d - Fulminant Prism                Conjuration/Hexes            4
   e - Iskenderun's Mystic Blast      Conjuration                  4
   f - Iskenderun's Battlesphere      Conjuration/Charms           5
Comestibles
 b - 2 bread rations
 l - 2 beef jerkies
 o - a meat ration
 p - 5 fruits


   Skills:
 - Level 1.7 Dodging
 - Level 1.7 Stealth
 - Level 2.0 Spellcasting
 + Level 5.5 Conjurations


You had 3 spell levels left.
You knew the following spells:

 Your Spells              Type           Power        Failure   Level  Hunger
a - Magic Dart            Conj           ###.         1%          1    #......
b - Searing Ray           Conj           ###...       3%          2    ###....


Dungeon Overview and Level Annotations

Branches:
Dungeon (2/15)

Altars:


Innate Abilities, Weirdness & Mutations

Your plain brown scales are hard (AC +5).
Your body does not fit into most forms of armour.
You are cold-blooded and may be slowed by cold attacks.


Message History

You take 1 damage, and have 25/26 hp.
You hit the worm. The worm barely misses you.
You barely miss the worm. You hit the worm. The worm bites you!
You take 11 damage, and have 14/26 hp.
MASSIVE DAMAGE!!
Aim: a worm (heavily wounded)
The magic dart hits the worm.
You now have 0/6 mp.
You don't have enough magic to cast that spell.
Aim: a worm (heavily wounded)
The magic dart hits the worm.
You now have 0/6 mp.
Drink which item? (? for menu, Esc to quit)
Okay, then.
You hit the worm. You tail-slap the worm. The worm bites you.
You take 5 damage, and have 10/26 hp.
You hit the worm but do no damage. You completely miss the worm.
The worm bites you!
You die...

....>#
#.####...#
.....# ##.#
#.### #...##
#..# #.#
##########.##
#.# .#
#......# #.#
.# #.######
#.# .# #.#
#.# .####.#
#w# .#....#
#@# ......#
#.# ......#
#.# ......#
#.## #...###
#..# #.###
##.# #..####
#.# ...)..##
#.#
)....).####
#.#


You could see a worm.

Vanquished Creatures
  An adder (D:2)
  An ooze (D:1)
  2 ball pythons
  9 hobgoblins
  4 jackals (D:1)
  6 bats
  A giant cockroach (D:2)
  2 giant geckos (D:2)
  4 giant newts
  2 goblins (D:2)
  13 kobolds
  4 rats
49 creatures vanquished.

Vanquished Creatures (others)
  A rat (D:1)
1 creature vanquished.

Grand Total: 50 creatures vanquished

Notes
Turn   | Place    | Note
--------------------------------------------------------------
     0 | D:1      | Fizybubbleh the Draconian Conjurer began the quest for the Orb.
     0 | D:1      | Reached XP level 1. HP: 14/14 MP: 3/3
   526 | D:1      | Reached XP level 2. HP: 17/20 MP: 0/5
   981 | D:1      | Learned a level 2 spell: Searing Ray
  1218 | D:1      | Reached skill level 5 in Conjurations
  1218 | D:1      | Reached XP level 3. HP: 23/26 MP: 4/6
  1710 | D:2      | Found a faded altar to an unknown god.
  2431 | D:2      | Slain by a worm

Vault maps used:
D:1:      saegor_arrival_miasma, serial_bayou_ford_a
D:2:      ecumenical_altar_1

Action                   || total
-------------------------++-------
Melee: Dagger            ||    23
       Unarmed           ||     3
 Cast: Magic Dart        ||   108
  Eat: Chunk             ||     2
       Bread ration      ||     1
